 Dungeon Crawl Stone Soup version 0.31.0-4-g52a2dc7128 (webtiles) character file.

Game seed: 8204536377375264338

441 Skeral the Trooper (level 7, -3/54 HPs)
             Began as a Djinni Monk on Jan 23, 2024.
             Slain by a gnoll
             ... wielding a +0 spear
              (6 damage)
             ... on level 5 of the Dungeon.
             The game lasted 00:08:12 (3405 turns).

Skeral the Trooper (Djinni Monk)                    Turns: 3405, Time: 00:08:12

Health: -3/54      AC:  2    Str: 10    XL:     7   Next: 22%
Gold:   245        EV: 18    Int: 13    God:
                   SH:  0    Dex: 16

rFire   + + .        a - +0 falchion
rCold   x . .        d - orb {light}
rNeg    . . .        b - +0 robe rPois โˆž
                     (no helmet)
rElec   .            (no cloak)
rCorr   .            (no gloves)
SInv    .            (boots unavailable)
Will    .....        (no amulet)
Stlth   +            E - +5 ring of evasion
HPRegen 0.29/turn    (no ring)
MPRegen 0.00/turn

%: infuse magic (-4 HP)
@: flying, glowing
A: sickness immunity, fire resistance 2, cold vulnerability 1, float, innate
caster, HP casting, extra vitality 1
a: no special abilities


You were on level 5 of the Dungeon.
You visited 1 branch of the dungeon, and saw 5 of its levels.

You collected 245 gold pieces.


Innate Abilities, Weirdness & Mutations

You are immune to sickness and miasma.
You are immune to poison.
Your flesh is very heat resistant. (rF++)
You are vulnerable to cold. (rC-)
You float through the air rather than walking.
You learn spells naturally, not from books.
Your magical power is your life essence.
You have superior vitality. (+4 MHP)


   Skills:
 + Level 5.0 Fighting
 - Level 4.3 Long Blades
 - Level 3.5 Dodging
 * Level 2.9 Spellcasting
 * Level 2.9 Conjurations
 * Level 2.9 Hexes
   Level 0.0 Charms
 * Level 2.9 Summonings
 * Level 2.9 Necromancy
 * Level 2.9 Translocations
   Level 0.0 Transmutations
 * Level 2.9 Fire Magic
 * Level 2.9 Ice Magic
 * Level 2.9 Air Magic
 * Level 2.9 Earth Magic
 * Level 2.9 Alchemy


You knew the following spells:

 Your Spells              Type           Power      Damage    Failure   Level
f - Foxfire               Conj/Fire      36%        2x1d5     7%          1
s - Static Discharge      Conj/Air       18%        3-4/arc   11%         2
v - Vampiric Draining     Necr           9%         2d6       22%         3
Your spell library was empty.

Inventory:

Hand Weapons
 a - a +0 falchion (weapon)
 j - a +0 short sword of venom
   (You took it off a kobold on level 1 of the Dungeon)
Missiles
 f - 4 poisoned darts (quivered)
 i - 6 atropa-tipped darts
 q - 6 boomerangs
 w - 2 javelins
Armour
 b - a +0 robe (worn)
 d - an orb of light (worn)
Jewellery
 E - a +5 ring of evasion (left hand)
   (You found it on level 2 of the Dungeon)
Talismans
 c - a granite talisman
   (You found it on level 4 of the Dungeon)
Wands
 u - a wand of charming (4)
   (You took it off Ijyb on level 3 of the Dungeon)
Scrolls
 k - 4 scrolls of identify {unknown}
 m - 2 scrolls of revelation {unknown}
 o - a scroll of amnesia {unknown}
 p - a scroll of fog {unknown}
 r - a scroll of noise {unknown}
 s - 2 scrolls of teleportation {unknown}
 v - a scroll of blinking {unknown}
 y - a scroll of enchant weapon {unknown}
Potions
 e - a potion of invisibility {unknown}
 g - a potion of degeneration {unknown}
 h - a potion of might {unknown}
 l - a potion of mutation {unknown}
 n - a potion of haste {unknown}
 t - a potion of cancellation
 x - a potion of heal wounds {unknown}

Dungeon Overview and Level Annotations

Branches:
Dungeon (5/15) Zot: 26565
 Temple: D:4-7

Altars:
Cheibriados
Elyvilon

Annotations:
D:3 1 runed translucent door, Crazy Yiuf

#.# ##...## #)#
#.# ##'## #)# #.#
#.# #.# #.# #.#
#.# #.# ##.## #.#
#.# ##...######.#
#.# #........##.#
..###....###.##.#
#......@.g......#
#####...ยง....####
##########


You could see a gnoll.


Message History

You take 2 damage, and now have 51/53 hp.
You hit the gnoll but do no damage. The gnoll misses you. x2
You hit the gnoll but do no damage.
The gnoll hits you from afar with a +0 spear.
The gnoll closely misses you. ๐Ÿ˜• HP[-5]
You take 5 damage, and now have 46/53 hp.
You hit the gnoll. The gnoll misses you. The gnoll completely misses you.
You hit the gnoll. The gnoll misses you. The gnoll barely misses you.
You hit the gnoll. The gnoll misses you. The gnoll barely misses you.
You slash the gnoll!
You kill the gnoll!
The gnoll barely misses you.
Your Fighting skill increases to level 5! ๐Ÿ˜• HP[+2]
You now have 54 max hp (+1).
You regained 2 hp, and now have 48/54 hp.
The gnoll misses you. The gnoll barely misses you.
Things that are here:
a +0 spear; a gnoll corpse You hit the gnoll but do no damage.
The gnoll hits you with a +0 spear.
The gnoll barely misses you. ๐Ÿ˜• HP[-2]
You take 2 damage, and now have 46/54 hp.
You hit the gnoll. The gnoll misses you.
The gnoll hits you from afar with a +0 spear.
You hit the gnoll. The gnoll hits you with a +0 spear!
The gnoll closely misses you.
The gnoll hits you with a +0 spear. ๐Ÿ˜ฎ HP[-13]
You take 13 damage, and now have 33/54 hp.
MASSIVE DAMAGE!! (PAUSE)
Casting: Foxfire (safe; 8% risk of failure)
Confirm with . or Enter, or press ? or * to list all spells.
You don't know that spell.
Casting: Foxfire (safe; 8% risk of failure)
Confirm with . or Enter, or press ? or * to list all spells.
The gnoll is struck by an arc of lightning.
You are struck by an arc of lightning.
The lightning grounds out.
The gnoll closely misses you. The gnoll hits you with a +0 spear.
* * * LOW HITPOINT WARNING * * *
๐Ÿ˜จ HP[-9]
You take 9 damage, and now have 24/54 hp.
Casting: Static Discharge (safe; 12% risk of failure)
Confirm with . or Enter, or press ? or * to list all spells.
The gnoll is struck by an arc of lightning.
You kill the gnoll!
The gnoll is struck by an arc of lightning. x2
The lightning grounds out.
* * * LOW HITPOINT WARNING * * *
The gnoll misses you. ๐Ÿ˜จ HP[-2]
You take 2 damage, and now have 22/54 hp.
Casting: Static Discharge (safe; 11% risk of failure)
Confirm with . or Enter, or press ? or * to list all spells.
The gnoll is struck by an arc of lightning. x2
The lightning grounds out.
* * * LOW HITPOINT WARNING * * *
The gnoll hits you with a +0 flail!
* * * LOW HITPOINT WARNING * * *
The gnoll completely misses you. ๐Ÿ˜ฑ HP[-9]
You take 9 damage, and now have 13/54 hp.
Casting: Static Discharge (safe; 11% risk of failure)
Confirm with . or Enter, or press ? or * to list all spells.
The gnoll is struck by an arc of lightning.
You kill the gnoll!
The gnoll is struck by an arc of lightning.
* * * LOW HITPOINT WARNING * * *
The gnoll barely misses you. ๐Ÿ˜ฑ HP[-2]
You take 2 damage, and now have 11/54 hp.
The gnoll barely misses you. The gnoll attacks as it pursues you!
The gnoll barely misses you. ๐Ÿ˜ฑ HP[+1] ๐Ÿ˜ฑ HP[+1] ๐Ÿ˜จ HP[+1]
The gnoll attacks as it pursues you!
The gnoll hits you from afar with a +0 spear.
* * * LOW HITPOINT WARNING * * *
๐Ÿ˜ฑ HP[-6]
You take 6 damage, and now have 8/54 hp.
Casting: Static Discharge (safe; 11% risk of failure)
Confirm with . or Enter, or press ? or * to list all spells.
You conjure some foxfire!
* * * LOW HITPOINT WARNING * * *
The gnoll misses you.
The foxfire hits the gnoll but does no damage. x2
The gnoll attacks as it pursues you!
The gnoll hits you from afar with a +0 spear.
* * * LOW HITPOINT WARNING * * *
๐Ÿ˜ฑ HP[-5]
You take 5 damage, and now have 3/54 hp.
Casting: Foxfire (safe; 7% risk of failure)
Confirm with . or Enter, or press ? or * to list all spells.
You conjure some foxfire!
* * * LOW HITPOINT WARNING * * *
The gnoll barely misses you.
The foxfire hits the gnoll. x2; The gnoll attacks as it pursues you!
The gnoll hits you from afar with a +0 spear.
You die...

Skill      XL: |  1  2  3  4  5  6  7 |
---------------+----------------------+-----
Long Blades    | 3 4 |  4.3
Spellcasting   | 1 2 |  2.9
Conjurations   | 1 2 |  2.9
Hexes          | 1 2 |  2.9
Summonings     | 1 2 |  2.9
Necromancy     | 1 2 |  2.9
Translocations | 1 2 |  2.9
Fire Magic     | 1 2 |  2.9
Ice Magic      | 1 2 |  2.9
Air Magic      | 1 2 |  2.9
Earth Magic    | 1 2 |  2.9
Alchemy        | 1 2 |  2.9
Fighting       | 4 5 |  5.0
Dodging        | |  3.5

Action                     |  1- 3 |  4- 6 |  7- 9 || total
---------------------------+-------+-------+-------++-------
  Melee: Falchion          |    74 |   136 |    25 ||   235
   Cast: Foxfire           |       |    35 |     2 ||    37
         Static Discharge  |       |       |     4 ||     4
    Use: Potion            |       |     2 |       ||     2
 Armour: Robe              |    42 |    74 |    16 ||   132
  Dodge: Dodged            |    86 |   185 |    36 ||   307

Levels and vault maps discovered:
D:1:      minmay_arrival_open_corners, layout_loops_ring
D:2:      layout_rooms, kennysheep_generic_room_10
D:3:      layout_rooms, uniq_crazy_yiuf_cottage, uniq_ijyb
D:4:      layout_cave_pods, nicolae_overflow_crystal_walls,
          kennysheep_little_box
D:5:      layout_loops_corners, mainiacjoe_overflow_six_doors_small,
          minmay_temple_entry_glass, serial_shops, nicolae_shop_rolling_square,
          nicolae_wooded_promenade, uniq_grinder

Notes
Turn   | Place    | Note
-------+----------+-------------------------------------------
     0 | D:1      | Skeral the Djinni Monk began the quest for the Orb.
     0 | D:1      | Reached XP level 1. HP: 20/20 MP: 0/0
     0 | D:1      | magus.rc [v1.10.3]
    94 | D:1      | Reached XP level 2. HP: 25/25 MP: 0/0
   466 | D:1      | Reached skill level 3 in Long Blades
   579 | D:2      | Reached XP level 3. HP: 21/30 MP: 0/0
   579 | D:2      | Learned a level 1 spell: Foxfire
   739 | D:2      | Reached XP level 4. HP: 27/36 MP: 0/0
  1195 | D:3      | Reached skill level 1 in Spellcasting
  1195 | D:3      | Reached skill level 1 in Conjurations
  1195 | D:3      | Reached skill level 1 in Hexes
  1195 | D:3      | Reached skill level 1 in Summonings
  1195 | D:3      | Reached skill level 1 in Necromancy
  1195 | D:3      | Reached skill level 1 in Translocations
  1195 | D:3      | Reached skill level 1 in Fire Magic
  1195 | D:3      | Reached skill level 1 in Ice Magic
  1195 | D:3      | Reached skill level 1 in Air Magic
  1195 | D:3      | Reached skill level 1 in Earth Magic
  1195 | D:3      | Reached skill level 1 in Alchemy
  1338 | D:3      | Reached skill level 4 in Fighting
  1338 | D:3      | Reached XP level 5. HP: 12/41 MP: 0/0
  1338 | D:3      | Learned a level 2 spell: Static Discharge
  1457 | D:3      | Noticed Ijyb
  1480 | D:3      | Killed Ijyb
  1803 | D:3      | Found a runed translucent door.
  1804 | D:3      | Noticed Crazy Yiuf
  1866 | D:4      | Reached XP level 6. HP: 37/47 MP: 0/0
  1944 | D:4      | Reached skill level 4 in Long Blades
  2051 | D:4      | HP: 10/48 [orc/+0 club (4)]
  2052 | D:4      | Reached skill level 2 in Spellcasting
  2052 | D:4      | Reached skill level 2 in Conjurations
  2052 | D:4      | Reached skill level 2 in Hexes
  2052 | D:4      | Reached skill level 2 in Summonings
  2052 | D:4      | Reached skill level 2 in Necromancy
  2052 | D:4      | Reached skill level 2 in Translocations
  2052 | D:4      | Reached skill level 2 in Fire Magic
  2052 | D:4      | Reached skill level 2 in Ice Magic
  2052 | D:4      | Reached skill level 2 in Air Magic
  2052 | D:4      | Reached skill level 2 in Earth Magic
  2052 | D:4      | Reached skill level 2 in Alchemy
  2057 | D:4      | HP: 9/48 [orc wizard/+0 dagger (2)]
  2230 | D:4      | Noticed a black bear
  2382 | D:4      | Killed a black bear
  2696 | D:4      | Found a snail-covered altar of Cheibriados.
  2932 | D:4      | Reached XP level 7. HP: 45/53 MP: 0/0
  2932 | D:4      | Learned a level 3 spell: Vampiric Draining
  3130 | D:5      | Entered Level 5 of the Dungeon
  3133 | D:5      | Found a white marble altar of Elyvilon.
  3381 | D:5      | Reached skill level 5 in Fighting
  3387 | D:5      | HP: 13/54 [gnoll/+0 flail (8)]
  3398 | D:5      | HP: 8/54 [gnoll/+0 spear (6)]
  3403 | D:5      | HP: 3/54 [gnoll/+0 spear (5)]
  3405 | D:5      | Slain by a gnoll

Vanquished Creatures
  A black bear (D:4)
  An orc priest (D:3)
  A jelly (D:4)
  Ijyb (D:3)
  A sleepcap (D:5)
  3 orc wizards (D:4)
  3 gnolls (D:5)
  6 adders
  2 dart slugs
  12 orcs
  4 ball pythons
  8 bats
  2 endoplasms
  A giant cockroach (D:4)
  4 goblins
  7 hobgoblins
  4 jackals
  9 kobolds
  A quokka (D:1)
  2 frilled lizards
  3 rats
76 creatures vanquished.

Vanquished Creatures (others)
  67 foxfires
67 creatures vanquished.

Grand Total: 143 creatures vanquished

Table legend:
 A = Non-vault XP
 B = Vault XP
 C = Vault XP percentage of total XP
 D = Non-vault monster count
 E = Vault monster count
 F = Vault count percentage of total count
                 A         B        C        D         E       F
            +---------+---------+-------+---------+---------+-------
      Total |     594 |      36 |   5.7 |      75 |       1 |   1.3
            +---------+---------+-------+---------+---------+-------
        D:1 |      21 |       0 |   0.0 |      11 |       0 |   0.0
        D:2 |      63 |       0 |   0.0 |      21 |       0 |   0.0
        D:3 |     110 |      36 |  24.7 |      22 |       1 |   4.3
        D:4 |     302 |       0 |   0.0 |      14 |       0 |   0.0
        D:5 |      98 |       0 |   0.0 |       7 |       0 |   0.0
            +---------+---------+-------+---------+---------+-------

Skill      XL: |  1  2  3  4  5  6  7 |
---------------+----------------------+-----
Long Blades    | 3 4 |  4.3
Spellcasting   | 1 2 |  2.9
Conjurations   | 1 2 |  2.9
Hexes          | 1 2 |  2.9
Summonings     | 1 2 |  2.9
Necromancy     | 1 2 |  2.9
Translocations | 1 2 |  2.9
Fire Magic     | 1 2 |  2.9
Ice Magic      | 1 2 |  2.9
Air Magic      | 1 2 |  2.9
Earth Magic    | 1 2 |  2.9
Alchemy        | 1 2 |  2.9
Fighting       | 4 5 |  5.0
Dodging        | |  3.5

Action                     |  1- 3 |  4- 6 |  7- 9 || total
---------------------------+-------+-------+-------++-------
  Melee: Falchion          |    74 |   136 |    25 ||   235
   Cast: Foxfire           |       |    35 |     2 ||    37
         Static Discharge  |       |       |     4 ||     4
    Use: Potion            |       |     2 |       ||     2
 Armour: Robe              |    42 |    74 |    16 ||   132
  Dodge: Dodged            |    86 |   185 |    36 ||   307

Illustrated notes

Table legend:
 A = Kills in this place as a percentage of kills in the entire game.
 B = Kills by you in this place as a percentage of kills by you in the entire game.
 C = Kills by friends in this place as a percentage of kills by friends in the entire game.
 D = Other kills in this place as a percentage of other kills in the entire game.
 E = Experience gained in this place as a percentage of experience gained in the entire game.
 F = Experience gained in this place divided by the number of levels of this place that you have seen.
                   A       B       C       D       E      F
               +-------+-------+-------+-------+-------+----------------------
         Total | 100.0 | 100.0 |   N/A |   N/A | 100.0 | 126.0
       Dungeon | 100.0 | 100.0 |   N/A |   N/A | 100.0 | 126.0
               +-------+-------+-------+-------+-------+----------------------

Table legend: (Time is in decaauts)
 A = Elapsed time spent in this place.
 B = Non-inter-level travel time spent in this place.
 C = Inter-level travel time spent in this place.
 D = Time resting spent in this place.
 E = Time spent auto-exploring this place.
 F = Levels seen in this place.
 G = Mean time per level.
                   A        B        C        D        E       F      G
               +--------+--------+--------+--------+--------+-----+--------+
         Total |   3433 |   3294 |    139 |    444 |   1950 |   5 |  686.6 |
       Dungeon |   3433 |   3294 |    139 |    444 |   1950 |   5 |  686.6 |
               +--------+--------+--------+--------+--------+-----+--------+

Top non-repeatable levels by time:
     D:4: 1283 daAuts
     D:3: 700 daAuts
     D:2: 656 daAuts
     D:1: 516 daAuts
     D:5: 276 daAuts
